Map: Usina Ácida LE

Players

IagoAbreu

  • Race: Zerg Zerg
  • League: Gold
  • Spawn Location: 11:00

Infernal - Winner!

  • Race: Terran Terran
  • League: Gold
  • Spawn Location: 5:00

VOD

Have the link to the VOD?

Description

Time

  • Played on: April 26, 2018, 8:51 a.m.
  • Length: 19:10
Show
View Real Time Build Order
Export as new Build Order

IagoAbreu Zerg 

Build Orders: Hatch First 

Get SALT Encoding   

  12  0:03  Drone  
  13  0:10  Drone  
  14  0:35  Overlord  
  14  0:45  Hatchery  
  14  0:46  Drone  
  14  0:57  Drone x2  
  16  1:10  Spawning Pool  
  15  1:15  Extractor  
  15  1:18  Drone x2  
  16  1:28  Drone  
  17  1:36  Evolution Chamber  
  16  1:44  Drone  
  17  1:59  Zergling x4  
  17  2:01  Zergling x2  
  20  2:02  Queen  
  20  2:06  Zergling x2  
  23  2:14  Drone  
  24  2:16  Drone  
  24  2:20  Queen  
  27  2:24  Drone  
  28  2:31  Overlord  
  28  2:43  Overlord  
  28  2:50  Zergling x4  
  30  2:56  Pneumatized Carapace  
  29  3:24  Overlord x2  
  29  3:25  Drone  
  29  3:26  Drone x3  
  33  3:47  Drone x3  
  33  3:48  Drone  
  32  4:05  Lair  
  32  4:18  Zerg Melee Weapons Level 1  
  32  4:19  Metabolic Boost  
  32  4:29  Drone x3  
  32  4:30  Drone x3  
  38  4:32  Zergling x4  
  38  4:35  Zergling x2, Hatchery  
  38  4:37  Zergling x2  
  41  4:39  Zergling x2  
  41  4:41  Zergling x2  
  41  4:43  Zergling x2  
  44  4:48  Zergling x2  
  44  4:50  Drone  
  46  5:03  Roach Warren  
  45  5:10  Hydralisk Den  
  45  5:13  Extractor  
  43  5:22  Extractor  
  43  5:25  Extractor  
  43  5:26  Drone  
  43  5:27  Drone x3  
  45  5:29  Drone  
  45  5:30  Drone x2  
  48  5:41  Drone  
  48  5:42  Drone x3  
  52  5:43  Overlord  
  52  5:44  Overlord  
  52  5:54  Drone x2  
  54  6:00  Queen  
  56  6:07  Hydralisk x2  
  56  6:08  Hydralisk x5  
  70  6:39  Drone  
  71  6:40  Drone x2  
  73  7:16  Overlord x6  
  73  7:28  Overseer  
  73  7:47  Zerg Missile Weapons Level 1  
  73  7:54  Spire  
  72  8:03  Hydralisk x7  
  72  8:04  Hydralisk x7  
  72  8:05  Roach x2  
  104  8:06  Roach x2  
  108  8:17  Drone x3  
  108  8:18  Drone  
  112  8:21  Zergling x10  
  112  8:22  Zergling x2  
  118  8:32  Grooved Spines  
  118  8:49  Overlord x2  
  118  8:50  Overlord x2  
  118  8:51  Roach x2  
  118  8:52  Overlord  
  122  9:07  Overseer  
  122  9:18  Drone  
  122  9:19  Drone x5  
  122  9:22  Mutalisk x4  
  122  9:23  Corruptor x3  
  142  9:27  Zergling x8  
  142  9:28  Zergling x2  
  66  11:02  Hatchery  
  65  11:22  Hydralisk x5  
  65  11:23  Hydralisk x7  
  65  11:24  Hydralisk x6  
  65  11:25  Corruptor, Hydralisk x3  
  105  11:30  Overseer  
  109  11:35  Zerg Flyer Weapons Level 1  
  109  11:40  Extractor  
  109  11:43  Queen, Extractor  
  109  12:22  Overseer  
  109  12:25  Zergling x8  
  109  12:26  Zergling x10  
  109  12:27  Roach  
  109  12:29  Overlord x6  
  120  12:30  Overlord  
  120  12:58  Drone x3  
  123  13:02  Roach  
  123  13:03  Roach x6  
  123  13:04  Roach x2  
  141  13:29  Mutalisk x5  
  141  13:30  Mutalisk x4  
  159  13:43  Ravager  
  160  14:14  Ravager x3  
  160  14:15  Ravager x4  
  167  14:28  Ravager  
  168  14:55  Overlord x2  
  168  14:56  Overlord x4  
  168  15:47  Zerg Melee Weapons Level 2  
  168  15:51  Zerg Flyer Weapons Level 2  
  168  15:52  Evolution Chamber  
  168  15:55  Muscular Augments  
  168  15:56  Glial Reconstitution  
  105  16:43  Zergling x10  
  105  16:44  Zergling x16  
  105  16:45  Zergling x12  
  105  16:46  Zergling x10  
  105  16:47  Zergling x12  
  120  16:48  Zergling x10  
  120  16:49  Zergling x12  
  102  17:19  Zergling x4  
  102  17:21  Overlord x6  
  102  17:22  Overlord x2  
  99  17:42  Hydralisk  
  99  17:43  Hydralisk x7  
  99  17:44  Hydralisk x6  
  91  18:15  Zergling x12  
  91  18:16  Zergling x10, Hydralisk x5  
  91  18:17  Zergling x2  
  113  18:37  Zergling x2  
  113  18:38  Zergling x12  
  113  18:39  Zergling x4  
  113  18:41  Hydralisk x4  
  119  18:42  Hydralisk x2  
Show
View Real Time Build Order
Export as new Build Order

Infernal Terran - Winner!

Build Orders: Mech 

Get SALT Encoding   

  12  0:01  SCV  
  13  0:13  SCV  
  14  0:22  Supply Depot  
  14  0:25  SCV  
  15  0:43  SCV  
  15  0:44  Barracks  
  15  0:49  Refinery  
  16  0:56  SCV  
  17  1:03  Refinery  
  17  1:08  SCV  
  18  1:21  SCV  
  19  1:32  Supply Depot  
  19  1:34  SCV  
  20  1:43  Factory  
  20  1:47  Orbital Command  
  20  1:50  Reaper  
  21  2:13  SCV  
  22  2:22  Marine  
  23  2:30  Factory Reactor  
  23  2:37  SCV  
  23  2:40  Marine  
  23  3:08  Marine  
  23  3:12  Cyclone  
  29  3:13  Hellion  
  29  3:23  Command Center  
  29  3:24  SCV  
  29  3:26  Factory  
  30  3:30  Supply Depot  
  30  3:36  SCV  
  31  3:52  Hellion  
  33  4:01  Cyclone  
  36  4:06  SCV, Supply Depot  
  37  4:10  Factory Tech Lab  
  37  4:15  Armory  
  37  4:18  SCV  
  37  4:24  Barracks Tech Lab  
  38  4:28  Hellion  
  38  4:29  Cyclone  
  43  4:41  Engineering Bay  
  43  4:44  Marine  
  44  4:57  Factory  
  44  4:59  SCV  
  45  5:00  Orbital Command  
  45  5:06  Siege Tank  
  48  5:12  SCV  
  49  5:17  Widow Mine x2  
  53  5:23  Terran Vehicle Weapons Level 1  
  53  5:25  SCV  
  54  5:31  SCV  
  55  5:35  Refinery  
  55  5:37  SCV  
  55  5:41  Siege Tank  
  59  5:43  SCV  
  60  5:50  Factory Tech Lab  
  60  5:59  SCV  
  60  6:01  Bunker  
  61  6:05  Supply Depot  
  61  6:11  SCV  
  62  6:26  SCV  
  62  6:27  SCV, Siege Tank  
  67  6:34  Supply Depot  
  67  6:39  SCV  
  68  6:49  Thor  
  68  6:53  Armory  
  74  7:00  Missile Turret  
  74  7:10  Thor  
  80  7:17  SCV  
  80  7:19  SCV  
  80  7:20  Factory  
  82  7:23  Missile Turret  
  82  7:27  Terran Vehicle And Ship Armor Level 1  
  82  7:29  SCV  
  83  7:31  SCV  
  84  7:39  Missile Turret  
  84  7:41  SCV  
  84  7:43  Missile Turret  
  85  7:45  SCV  
  86  8:07  Supply Depot  
  86  8:08  Factory Tech Lab  
  86  8:09  Supply Depot  
  86  8:19  Refinery  
  86  8:28  Building Armor  
  86  8:29  SCV, Cyclone  
  86  8:31  Supply Depot, Thor  
  96  8:56  Command Center  
  96  9:18  Thor x2  
  108  9:24  SCV x2  
  110  9:43  Supply Depot  
  110  9:54  Thor  
  111  10:02  Sensor Tower  
  105  10:17  Refinery  
  105  10:24  Thor x2  
  105  10:27  Command Center  
  112  10:43  Starport  
  112  10:51  Missile Turret, Hi-Sec Auto Tracking  
  112  10:52  Missile Turret  
  112  11:06  Thor  
  118  11:17  SCV x2  
  121  11:24  Orbital Command  
  120  11:41  Refinery  
  120  11:48  Orbital Command  
  120  11:54  Starport Reactor  
  120  12:03  Missile Turret  
  120  12:06  Refinery  
  120  12:14  Thor x2  
  132  12:23  Missile Turret  
  132  12:30  Terran Vehicle And Ship Armor Level 2  
  132  12:31  Terran Vehicle Weapons Level 2  
  132  12:33  Widow Mine x2, Missile Turret  
  132  12:37  Thor  
  136  12:42  Terran Infantry Weapons Level 1  
  142  12:54  Orbital Command  
  142  12:55  Missile Turret  
  142  13:02  Missile Turret  
  142  13:03  SCV  
  143  13:09  Thor x2  
  155  13:13  Combat Shields  
  155  13:15  SCV  
  155  13:17  Viking  
  155  13:19  Missile Turret, Ghost Academy  
  158  13:25  Missile Turret  
  158  13:35  Drilling Claws  
  158  13:37  Missile Turret  
  158  13:49  Missile Turret  
  158  14:01  SCV  
  159  14:16  Refinery, Viking x2  
  163  14:37  Starport  
  163  14:55  Supply Depot  
  163  14:56  Viking x2  
  163  14:58  Supply Depot  
  167  15:06  Personal Cloaking  
  167  15:09  Ghost  
  169  15:17  Thor  
  169  15:19  Thor x2  
  187  15:31  Supply Depot  
  187  15:52  Ghost  
  187  15:53  Supply Depot  
  189  16:14  Supply Depot  
  189  16:15  Supply Depot  
  189  16:21  Refinery  
  189  16:32  Nuke  
  152  17:20  Missile Turret, Orbital Command  
  146  17:29  Starport Tech Lab  
  139  17:57  SCV  
  140  17:59  SCV x3  
  143  18:07  Raven  
  143  18:09  SCV, Viking x2  
  143  18:11  Thor  
  156  18:21  SCV  
  156  18:24  Thor x2  
  169  18:28  Widow Mine x2  
  169  18:31  Refinery  
  169  18:34  Refinery  
Tags
 
Composition
Mech
League
GoldGold
Matchup
TvZ
Spawn Locations
Cross Positions
Add a new tag
Caveats
  • Supply blocks, unpowered buildings, or Contaminate may cause inaccurate times.
  • Supply counts are checked every 10 seconds.